Map: Temple of the Past

Players

Firefly

  • Race: Zerg Zerg
  • Spawn Location: 0:00

Smileblind

  • Race: Protoss Protoss
  • League: Silver
  • Spawn Location: 0:00

VOD

Have the link to the VOD?

Description

Time

  • Played on: Feb. 10, 2019, midnight
  • Length: 26:28
Show
View Real Time Build Order
Export as new Build Order

Firefly Zerg 

Build Orders:  

Get SALT Encoding   

  6  0:19  Drone x2  
  7  0:20  Drone x2  
  7  0:27  Drone x2  
  9  0:41  Overlord  
  9  1:07  Spawning Pool  
  8  1:13  Drone x2  
  8  1:16  Drone x2  
  10  1:23  Drone x2  
  11  1:54  Swarmling x3  
  11  1:55  Swarmling x9  
  11  1:56  Swarmling x3  
  11  1:57  Swarmling x3  
  20  2:03  Extractor  
  20  2:08  Extractor  
  19  2:28  Queen  
  20  2:41  Overlord  
  20  2:49  Overlord  
  20  2:58  Overlord  
  20  3:18  Drone x4, Queen  
  20  3:19  Drone x2  
  24  4:08  Queen  
  25  4:29  Overlord  
  25  4:30  Overlord  
  25  4:34  Drone x4  
  25  4:36  Drone x2  
  28  5:43  Hatchery  
  28  5:44  Centrifical Hooks  
  27  5:51  Extractor  
  27  5:53  Baneling Nest  
  27  5:58  Evolution Chamber  
  26  6:04  Evolution Chamber, Extractor  
  25  6:30  Metabolic Boost  
  25  6:57  Zerg Ground Armor Level 1  
  21  7:21  Drone x4  
  21  7:22  Drone x2  
  21  7:23  Overlord  
  26  7:30  Artillery Ducts  
  27  8:03  Drone x2  
  27  8:04  Drone x2  
  27  8:05  Drone x2, Overlord  
  30  8:11  Lair x2  
  26  8:27  Swarmling x12  
  26  8:28  Swarmling x12  
  42  9:06  Overlord  
  42  9:07  Overlord  
  42  9:08  Overlord  
  42  9:09  Overlord  
  44  9:35  Hardened Carapace  
  44  9:36  Heroic Fortitude, Unknown  
  44  9:39  Medusa Blades  
  44  10:35  Rapid Bombardment  
  44  10:36  Protective Cover  
  38  12:03  Swarmling x12  
  38  12:04  Swarmling x3  
  38  12:05  Aberration x4  
  38  12:06  Zerg Ground Armor Level 2, Aberration x3  
  68  12:37  Overseer  
  70  13:18  Hive x2  
  69  13:23  Swarmling x6  
  69  13:24  Swarmling x9  
  69  13:25  Aberration x2  
  69  13:26  Aberration x5  
  95  13:59  Scourge Nest  
  96  14:01  Scourge Nest  
  95  14:19  Unknown  
  97  14:49  Corrosive Acid  
  97  14:52  Adrenal Overload  
  100  15:52  Shredding Claws  
  100  15:57  Zerg Ground Armor Level 3  
  99  16:00  Virulent Spores  
  99  16:01  Simplified Genome  
  99  16:19  Rupture  
  100  17:00  Zerg Flyer Weapons Level 1  
  100  17:01  Zerg Flyer Armor Level 1  
  99  18:40  Unknown x2  
  99  18:41  Unknown  
  99  19:36  Unknown  
  99  19:50  Ventral Sacs  
  99  20:49  Unknown  
  98  21:21  Unknown  
  98  21:34  Zerg Flyer Weapons Level 2, Zerg Flyer Armor Level 2  
  98  21:55  Overseer  
  98  22:01  Overseer  
Show
View Real Time Build Order
Export as new Build Order

Smileblind Protoss 

Build Orders:  

Get SALT Encoding   

  12  0:05  Probe (Chrono Boost)  
  13  0:30  Gateway  
  13  0:40  Pylon  
  13  0:44  Probe (Chrono Boost)  
  14  0:57  Probe (Chrono Boost)  
  15  1:11  Probe (Chrono Boost)  
  16  1:25  Probe (Chrono Boost)  
  17  1:35  Gateway  
  17  1:39  Probe (Chrono Boost)  
  17  1:43  Pylon  
  17  1:49  Zealot  
  20  1:53  Probe (Chrono Boost)  
  21  2:05  Assimilator  
  21  2:07  Probe (Chrono Boost)  
  22  2:18  Assimilator  
  22  2:21  Probe (Chrono Boost)  
  23  2:35  Probe (Chrono Boost)  
  24  2:46  Cybernetics Core  
  24  2:48  Probe (Chrono Boost)  
  25  2:50  Zealot  
  27  3:02  Probe (Chrono Boost)  
  27  3:06  Zealot  
  30  3:16  Probe (Chrono Boost)  
  31  3:29  Pylon  
  31  3:34  Pylon  
  31  3:51  Pylon  
  31  3:54  Pylon  
  31  3:55  Dragoon  
  33  4:25  Forge  
  33  4:39  Probe (Chrono Boost), Twilight Council  
  34  4:53  Probe (Chrono Boost)  
  35  5:04  Nexus  
  35  5:07  Probe (Chrono Boost)  
  36  5:12  Dragoon  
  36  5:16  Zealot  
  40  5:23  Charge  
  40  5:37  Pylon  
  40  5:47  Probe (Chrono Boost)  
  40  5:49  Protoss Ground Weapons Level 1  
  41  6:04  Probe (Chrono Boost)  
  41  6:07  Pylon  
  43  6:21  Probe (Chrono Boost)  
  43  6:27  Singularity Charge  
  43  6:28  Photon Cannon  
  43  6:38  Probe (Chrono Boost)  
  44  6:48  Probe (Chrono Boost)  
  45  6:55  Probe (Chrono Boost)  
  46  7:02  Probe (Chrono Boost)  
  46  7:04  Assimilator  
  48  7:11  Assimilator  
  48  7:12  Probe (Chrono Boost)  
  48  7:16  Probe (Chrono Boost)  
  49  7:28  Probe (Chrono Boost)  
  50  7:30  Probe (Chrono Boost)  
  51  7:41  Photon Cannon  
  51  7:44  Probe (Chrono Boost)  
  51  7:45  Pylon  
  51  7:48  Photon Cannon  
  52  7:58  Probe (Chrono Boost)  
  52  7:59  Robotics Facility  
  53  8:06  Templar Archives  
  53  8:11  Probe (Chrono Boost)  
  53  8:15  Photon Cannon  
  53  8:16  Dragoon  
  56  8:25  Probe (Chrono Boost)  
  57  8:39  Probe (Chrono Boost)  
  58  8:53  Probe (Chrono Boost)  
  59  9:07  Probe (Chrono Boost)  
  60  9:21  Probe (Chrono Boost)  
  61  9:30  Immortal  
  61  9:34  Immortal  
  61  9:35  Pylon, Probe (Chrono Boost)  
  61  9:38  Pylon  
  70  9:42  Dragoon  
  70  9:43  Dragoon x4  
  80  9:50  Pylon  
  74  10:38  High Templar x2  
  74  10:39  High Templar  
  72  11:01  Zealot x2  
  74  11:19  Dragoon  
  62  12:32  Dragoon x3  
  62  12:33  Dragoon  
  70  12:50  Zealot  
  72  13:04  Zealot  
  74  13:19  Zealot  
  69  13:55  High Templar x2  
  69  13:58  Archon  
  73  14:16  Gateway  
  73  14:18  Gateway  
  73  14:19  Protoss Ground Weapons Level 2  
  73  14:22  Gateway  
  73  14:24  Zealot  
  73  14:25  Zealot  
  73  14:29  Gateway  
  77  14:32  Gateway  
  77  14:38  Psionic Storm  
  77  14:42  Immortal  
  77  14:43  Immortal x2  
  89  14:57  Whirlwind  
  89  15:12  Gateway  
  89  15:16  Robotics Bay  
  89  15:19  Stargate  
  89  15:23  Photon Cannon  
  89  15:24  Photon Cannon  
  89  15:27  Khaydarin Amulet, Photon Cannon  
  89  15:36  Photon Cannon  
  89  15:38  Photon Cannon  
  89  15:41  Photon Cannon  
  89  15:50  Photon Cannon  
  89  15:53  Photon Cannon  
  89  15:55  Photon Cannon  
  89  16:12  Photon Cannon  
  89  16:26  Photon Cannon  
  89  16:27  Trillic Compresion Mesh, Photon Cannon  
  89  16:33  Reaver  
  89  16:34  Reaver  
  101  17:52  Improved Barrier  
  101  17:57  Immortal x2  
  109  18:00  Protoss Ground Weapons Level 3  
  109  18:27  Plasma Surge  
  109  18:36  Pylon  
  109  18:44  Pylon  
  109  18:48  High Templar  
  109  18:49  High Templar x3, Pylon  
  117  18:52  Archon  
  117  18:53  Archon  
  117  18:54  Pylon  
  117  18:59  Pylon  
  117  19:13  Pylon  
  117  19:14  Pylon  
  117  19:59  Dragoon x5  
  127  20:42  Photon Cannon  
  127  20:46  Photon Cannon  
  127  20:48  Photon Cannon  
  127  20:52  Photon Cannon  
  127  20:59  Photon Cannon  
  127  21:01  Photon Cannon  
  127  21:04  Photon Cannon  
  127  21:15  Photon Cannon  
  127  21:18  Photon Cannon  
  127  21:21  Photon Cannon  
  127  21:35  Photon Cannon  
  127  21:36  Photon Cannon  
  127  21:38  Photon Cannon  
  127  21:59  Pylon  
  127  22:01  Pylon  
  127  22:02  High Templar  
  127  22:03  High Templar x5, Pylon  
  127  22:04  High Templar x2  
  127  22:07  Archon  
  127  22:08  Archon x2  
  127  22:09  Archon  
  143  22:26  Dragoon x2  
  143  22:27  Dragoon x2  
  151  22:52  Pylon  
  151  22:56  Pylon  
  151  23:02  Pylon  
  151  23:07  Zealot x4  
  151  23:08  Zealot x3  
  165  23:23  Zealot x3  
  165  23:24  Zealot  
  171  23:46  Zealot x4  
  171  23:47  Zealot x4  
  187  24:18  Immortal x3  
  199  24:54  Photon Cannon  
  199  24:56  Photon Cannon  
  199  24:58  Photon Cannon  
  199  25:08  Photon Cannon  
  199  25:11  Photon Cannon  
  199  25:14  Photon Cannon  
  199  25:21  Photon Cannon  
  199  25:24  Photon Cannon  
  199  25:26  Photon Cannon  
  199  25:29  Photon Cannon  
  199  25:39  Photon Cannon  
  199  25:41  Photon Cannon  
  199  25:43  Photon Cannon  
  199  25:47  Photon Cannon  
  199  25:58  Photon Cannon  
  199  25:59  Photon Cannon  
  199  26:00  Photon Cannon  
  199  26:03  Photon Cannon  
  199  26:06  Photon Cannon  
  199  26:07  Photon Cannon  
  199  26:13  Photon Cannon  
Tags
 
Add a new tag
Caveats
  • Supply blocks, unpowered buildings, or Contaminate may cause inaccurate times.
  • Supply counts are checked every 10 seconds.